 Dungeon Sprint DCSS version 0.20.1-1-g8b1a95d (webtiles) character file.

985 Kingsmith the Fighter (level 8, -1/59 HPs)
             Began as a Gargoyle Fighter on Dec 13, 2017.
             Was a Believer of Qazlal.
             Slain by a merfolk
             ... wielding a +0 trident
              (12 damage)
             ... in the Dungeon (Sprint V: "Ziggurat Sprint").
             The game lasted 00:02:43 (208 turns).

Kingsmith the Fighter (Gargoyle Fighter)             Turns: 208, Time: 00:02:44

Health: -1/59      AC: 28    Str: 20    XL:     8   Next: 18%
Magic:  13/16      EV:  2    Int: 10    God:    Qazlal [**....]
Gold:   0          SH: 16    Dex: 10    Spells: 7/7 levels left

rFire    + . .     SeeInvis .   K - +7 Screaming Sword
rCold    + . .     Gourm    .   M - +3 shield
rNeg     + . .     Faith    .   N - +5 gold dragon scales
rPois    ∞         Spirit   .   (no helmet)
rElec    +         Reflect  .   (no cloak)
rCorr    .         Harm     .   (no gloves)
MR       .....     NoTele   +   (no boots)
Stlth    ..........             (no amulet)
Regen    0.2/turn               (no ring)
MPRegen  0.2/turn               (no ring)

@: no status effects
A: negative energy resistance 1, electricity resistance, unbreathing,
petrification resistance, rot immunity, AC +5
a: Upheaval, Renounce Religion


You were in the Dungeon.
You worshipped Qazlal.
Qazlal was pleased with you.
You were not hungry.

You visited 1 branch

Inventory:

Hand Weapons
 K - the +7 Screaming Sword (weapon)
   (You found it in the Dungeon)
Armour
 L - a +3 large shield
 M - a +3 shield (worn)
 N - +5 gold dragon scales (worn)
 O - a +5 crystal plate armour
Jewellery
 a - an uncursed ring of see invisible
 b - an uncursed ring of fire
 C - a +6 ring of strength
 D - a +6 ring of strength
 F - an uncursed ring of flight
Wands
 G - a wand of disintegration (7/24)
 H - a wand of iceblast (5/15)
 I - a wand of lightning (5/15)
 J - a wand of acid (5/15)
Scrolls
 k - 4 scrolls of blinking
 q - 4 scrolls of amnesia
 r - 3 scrolls of recharging
 s - 7 scrolls of fog
 t - a scroll of holy word
 u - 5 scrolls of identify
 v - 5 scrolls of remove curse
 w - 2 scrolls of fear
Potions
 d - 6 potions of might
 e - 10 potions of curing
 g - 10 potions of heal wounds
 h - 6 potions of haste
 i - 7 potions of magic
 j - 2 potions of berserk rage
 l - 2 potions of brilliance
 m - 2 potions of invisibility
 n - 4 potions of resistance
 p - 5 potions of agility
Miscellaneous
 E - a lightning rod (4/4)
Comestibles
 f - 5 bread rations
 x - 42 fruits
 z - 4 meat rations


   Skills:
 - Level 10.9 Fighting
 - Level 3.7 Long Blades
 - Level 10.7 Armour
 - Level 5.2 Shields
 - Level 10.9 Invocations
 + Level 0.0 Evocations


You had 7 spell levels left.
You didn't know any spells.

Dungeon Overview and Level Annotations

Branches:
Dungeon (1/1)

Altars:
Ashenzari
Cheibriados
Dithmenos
Elyvilon
Fedhas
Gozag
Hepliaklqana
Kikubaaqudgha
Makhleb
Nemelex Xobeh
Okawaru
Qazlal
Ru
Sif Muna
Trog
Uskayaw
Vehumet
Xom
Yredelemnul
Zin
The Shining One
Beogh
Jiyva
Lugonu

Annotations:
D 1 transporter


Innate Abilities, Weirdness & Mutations

You are resistant to torment.
Your stone body is resilient. (AC +5)
You are immune to poison.
You resist negative energy. (rN+)
You are resistant to electric shocks. (rElec)
You can survive without breathing.
You are immune to petrification.
You are immune to rotting.


Message History

You kill the merfolk!
Qazlal accepts your kill.
Your Invocations skill increases to level 10!
You have reached level 8!
You feel clever. The merfolk hits you with a trident.
You miss the merfolk.
The merfolk is heavily wounded.
The Screaming Sword howls, "As long as they die, we live!"
The merfolk are hurt by the noise.
You block the merfolk's attack. x2
The merfolk completely misses you.
You slice the merfolk!!
The merfolk is almost dead.
The merfolk hits you with a trident!
* * * LOW HITPOINT WARNING * * *
The merfolk hits you but does no damage.
You hit the merfolk but do no damage.
The merfolk is almost dead.
The merfolk hits you with a trident!
You die...

▓▓▓▓▓▓▓▓▓▓▓▓▓▓▓▓▓▓▓
▓.8©8.▓.8©8.▓.8©8.▓
▓.}"..▓.)}..▓.....▓
▓..}..▓.....▓...).▓
▓..mm.▓.....▓.....▓
▓.§@).▓.....▓..)†.▓
▓.....▓..)..▓.....▓
▓..(..▓.....▓▓▓▓▓▓▓
▓▓▓▓▓▓▓▓▓▓▓▓▓


You could see 2 merfolk.

Vanquished Creatures
  2 merfolk (D)
  2 spriggans (D)
  3 black bears (D)
7 creatures vanquished.

Notes
Turn   | Place    | Note
-------+----------+-------------------------------------------
     0 | D        | Kingsmith the Gargoyle Fighter began the quest for the Orb.
     0 | D        | Reached XP level 1. HP: 14/14 MP: 1/1
     0 | D        | Found a deep blue altar of Sif Muna.
     0 | D        | Found a bloodstained altar of Trog.
     0 | D        | Found a sacrificial altar of Ru.
     0 | D        | Found a stormy altar of Qazlal.
     0 | D        | Found an iron altar of Okawaru.
     1 | D        | Found a sparkling altar of Nemelex Xobeh.
     1 | D        | Found a blossoming altar of Fedhas.
     3 | D        | Found a transporter.
     3 | D        | Found an ancient bone altar of Kikubaaqudgha.
     3 | D        | Found a viscous altar of Jiyva.
     3 | D        | Found a corrupted altar of Lugonu.
     3 | D        | Found a hazy altar of Hepliaklqana.
     3 | D        | Found a burning altar of Makhleb.
     3 | D        | Found an opulent altar of Gozag.
     8 | D        | Reached skill level 5 in Fighting
     8 | D        | Reached skill level 5 in Armour
     8 | D        | Reached skill level 5 in Shields
     8 | D        | Reached XP level 2. HP: 21/21 MP: 2/2
    19 | D        | Became a worshipper of Qazlal Stormbringer
   121 | D        | Entered arena 2.
   121 | D        | Noticed a spriggan
   121 | D        | Noticed a black bear
   121 | D        | Found a transporter.
   129 | D        | Killed a spriggan
   129 | D        | Reached skill level 10 in Armour
   129 | D        | Reached XP level 3. HP: 26/26 MP: 3/3
   129 | D        | Reached XP level 4. HP: 31/31 MP: 4/4
   129 | D        | Reached XP level 5. HP: 35/35 MP: 5/5
   132 | D        | Killed a black bear
   132 | D        | Reached XP level 6. HP: 42/42 MP: 5/9
   175 | D        | Entered arena 3.
   175 | D        | Noticed a black bear
   175 | D        | Noticed a black bear
   175 | D        | Noticed a spriggan
   175 | D        | Found a transporter.
   180 | D        | Killed a spriggan
   180 | D        | Reached * piety under Qazlal
   184 | D        | Killed a black bear
   184 | D        | Reached XP level 7. HP: 44/51 MP: 9/12
   197 | D        | Entered arena 4.
   197 | D        | Noticed a merfolk
   197 | D        | Noticed a merfolk
   197 | D        | Noticed a merfolk
   197 | D        | Noticed a merfolk
   197 | D        | Found a transporter.
   203 | D        | Killed a merfolk
   203 | D        | Reached ** piety under Qazlal
   203 | D        | Reached skill level 10 in Fighting
   205 | D        | Killed a merfolk
   205 | D        | Reached skill level 10 in Invocations
   205 | D        | Reached XP level 8. HP: 27/59 MP: 12/16
   208 | D        | Slain by a merfolk

Skill      XL: |  1  2  3  4  5  6  7 |
---------------+----------------------+-----
Fighting       | 5 6 9 10 | 10.9
Long Blades    | 3 |  3.7
Armour         | 5 10 | 10.7
Shields        | 5 |  5.2
Invocations    | 4 7 10 | 10.9

Action                   |  1- 3 |  4- 6 |  7- 9 || total
-------------------------+-------+-------+-------++-------
Melee: Double sword      |     7 |     6 |     8 ||    21
Evoke: Lightning rod     |       |     4 |     4 ||     8
  Use: Potion            |     2 |       |       ||     2
Armor: Gold dragon scale |    10 |    18 |     9 ||    37
Dodge: Dodged            |     3 |     2 |     2 ||     7
Block: Shield            |     9 |    12 |    18 ||    39
       Rpst.: Double sword |     1 |       |       ||     1
